 Dungeon Crawl Stone Soup version 0.31.0-9-g3a7656b989 (webtiles) character file.

Game seed: 14480607292848335968

12 browni3141 the Sneak (level 2, 0/25 HPs)
             Began as a Formicid Delver on Jan 24, 2024.
             Was an Initiate of Okawaru.
             Frozen to death by an endoplasm (4 damage)
             ... on level 2 of the Dungeon.
             The game lasted 00:03:57 (308 turns).

browni3141 the Sneak (Formicid Delver)               Turns: 308, Time: 00:03:57

Health: 0/25       AC:  3    Str: 16    XL:     2   Next: 45%
Magic:  2/2        EV: 12    Int:  9    God:    Okawaru [......]
Gold:   8          SH:  0    Dex: 15    Spells: 1/1 levels left

rFire   . . .        a - +0 short sword
rCold   . . .        (no shield)
rNeg    . . .        b - +0 leather armour
rPois   .            (helmet unavailable)
rElec   .            (no cloak)
rCorr   .            (no gloves)
SInv    +            (no boots)
Will    .....        (no amulet)
Stlth   +++          (no ring)
HPRegen 0.24/turn    (no ring)
MPRegen 0.08/turn

%: no passive effects
@: no status effects
A: permanent stasis, dig shafts and tunnels, antennae 3, four strong arms
a: Dig, Shaft Self, Renounce Religion


You were on level 2 of the Dungeon.
You worshipped Okawaru.
Okawaru was noncommittal.
You visited 2 branches of the dungeon, and saw 5 of its levels.

You collected 8 gold pieces.

Inventory:

Hand Weapons
 a - a +0 short sword (weapon)
Missiles
 J - 7 poisoned darts
Armour
 b - a +0 leather armour (worn)
Wands
 f - a wand of digging (3)
Scrolls
 d - a scroll of revelation
 e - a scroll of fear
 F - a scroll of fog
 G - a scroll of vulnerability {unknown}
 I - a scroll of enchant weapon {unknown}
 K - 2 scrolls of teleportation {unknown}
Potions
 H - a potion of cancellation {unknown}
 L - a potion of mutation {unknown}
 M - a potion of enlightenment {unknown}


   Skills:
 + Level 4.1 Fighting
 - Level 2.0 Short Blades
 - Level 1.7 Dodging
 - Level 6.0 Stealth


You had one spell level left.
You didn't know any spells.
Your spell library was empty.

Dungeon Overview and Level Annotations

Branches:
Dungeon (5/15)             Temple (1/1) D:5

Altars:
Ashenzari
Elyvilon
Gozag
Makhleb
Nemelex Xobeh
Okawaru
Qazlal
Ru
Sif Muna
Trog
Uskayaw
Vehumet
Wu Jian
Yredelemnul

Shops:
D:4 ?

Annotations:
D:4 exclusion: jelly


Innate Abilities, Weirdness & Mutations

You cannot be hasted, slowed, berserked, paralysed or teleported.
You can dig through walls and to a lower floor.
You have a pair of large antennae on your head. (SInv)
Your four strong arms can wield two-handed weapons with a shield.


Message History

A dart slug comes into view.
A jelly comes into view.
The helpless dart slug fails to defend itself.
You puncture the dart slug!
You kill the dart slug!
Okawaru accepts your kill.
You have reached level 2!
Press: ? - help, . - travel You can't see that place. [the floor.] Placed new exclusion.
Found a stone staircase leading up.
There is a stone staircase leading up here.
You climb upwards.
There is a stone staircase leading down here.
Found an escape hatch in the ceiling.
There is an escape hatch in the ceiling here.
A mysterious force pulls you upwards. The hatch slams shut behind you.
Found a scroll labelled LIOTUPUMEA.
Found a stone staircase leading up.
The helpless ribbon worm fails to defend itself.
You puncture the ribbon worm!
The ribbon worm is almost dead.
The ribbon worm expels a string of sticky webbing.
The stream of webbing hits you but does no damage.
You are caught in a web!
You are caught in a web!
The web tears apart.
The ribbon worm barely misses you.
You barely miss the ribbon worm.
The ribbon worm is almost dead.
You hit the ribbon worm.
You kill the ribbon worm!
Okawaru accepts your kill.
The frilled lizard bites you but does no damage.
Your Fighting skill increases to level 4!
You hit the frilled lizard.
You kill the frilled lizard!
Okawaru accepts your kill.
An endoplasm comes into view.
A goblin comes into view. It is wielding a +3 dagger.
The endoplasm quivers.
The goblin shouts!
An endoplasm comes into view.
The endoplasm quivers.
The endoplasm freezes you.
You are frozen.
You hit the endoplasm.
The endoplasm is moderately wounded.
The endoplasm freezes you.
You are frozen.
You hit the endoplasm but do no damage.
The endoplasm is moderately wounded.
The endoplasm misses you.
You hit the endoplasm.
The endoplasm is almost dead.
A rat comes into view.
The endoplasm hits you but does no damage.
Press: ? - help, v - describe, . - travel
Here: a goblin, wielding a +3 dagger The floor.
The rat squeaks loudly.
You hit the goblin.
The goblin is severely wounded.
The endoplasm closely misses you. The goblin hits you with a +3 dagger.
You closely miss the goblin.
The goblin is severely wounded.
The endoplasm freezes you.
You are frozen.
The goblin closely misses you. The endoplasm freezes you.
You are frozen.
There is a stone staircase leading up here.
You hit the endoplasm.
The endoplasm is severely wounded.
The endoplasm freezes you.
You are frozen.
* * * LOW HITPOINT WARNING * * *
You hit the endoplasm.
You kill the endoplasm!
Okawaru accepts your kill.
You hit the goblin.
You kill the goblin!
Okawaru accepts your kill.
You hit the endoplasm.
The endoplasm is moderately wounded.
The rat barely misses you. The endoplasm freezes you.
You are frozen.
* * * LOW HITPOINT WARNING * * *
You hit the endoplasm.
The endoplasm is heavily wounded.
The rat bites you.
* * * LOW HITPOINT WARNING * * *
The endoplasm freezes you.
You are frozen.
* * * LOW HITPOINT WARNING * * *
You hit the endoplasm.
The endoplasm is almost dead.
The rat bites you but does no damage. The endoplasm freezes you.
You are frozen.
You die...

.# #..#.........
..#............. .
#.#.............
..##?#...#.........
.........#.........
...../.............
...................
..#.#...##J........
........r@.........
####....##.........
#....###.......#
#.$.... #.......#
#.#....,.......##
....$...........#
###...............#
.................


You could see an endoplasm and a rat.

Vanquished Creatures
  A dart slug (D:4)
  A ribbon worm (D:2)
  An orc (D:4)
  An endoplasm (D:2)
  A frilled lizard (D:2)
  2 goblins
  A kobold (D:4)
8 creatures vanquished.

Notes
Turn   | Place    | Note
-------+----------+-------------------------------------------
     0 | D:5      | browni3141 the Formicid Delver began the quest for the Orb.
     0 | D:5      | Reached XP level 1. HP: 18/18 MP: 1/1
    10 | D:5      | Found a staircase to the Ecumenical Temple.
    15 | Temple   | Entered the Ecumenical Temple
    24 | Temple   | Became a worshipper of Warmaster Okawaru
   177 | D:4      | Found Wesytuenot's Magic Scroll Shop.
   256 | D:4      | Noticed a jelly
   258 | D:4      | Reached XP level 2. HP: 25/25 MP: 2/2
   308 | D:2      | Frozen to death by an endoplasm

Illustrated notes

Levels and vault maps discovered:
D:2:      layout_rooms
D:3:      layout_basic, uniq_natasha, uniq_ijyb
D:4:      layout_basic, nicolae_hepliaklqana_hazy_memory,
          mainiacjoe_sewer_entry_somewhere_in_here_2, serial_shops,
          nicolae_square_shop, hex_medium, dilly_guarded_unrand_throatcut,
          uniq_blork_the_orc
D:5:      layout_layer_cave, old_standard_altar, temple_doors_e,
          minmay_manual_mail
Temple:   nicolae_temple_ecumenical_triangle

Skill      XL: |  1  2 |
---------------+-------+-----
Fighting       | 4 |  4.1
Short Blades   | |  2.0
Dodging        | |  1.7
Stealth        | |  6.0

Action                     || total
---------------------------++-------
  Melee: Short sword       ||    30
   Stab: Sleeping          ||     2
 Armour: Leather armour    ||    11
  Dodge: Dodged            ||    10
